 Dungeon Crawl Stone Soup version 0.21.0 (webtiles) character file.

295 Ghouzt the Cudgeler (level 6, -7/82 HPs)
             Began as a Draconian Berserker on Jan 7, 2018.
             Was a Priest of Trog.
             Mangled by an orc
             ... wielding a +0 trident
              (9 damage)
             ... on level 3 of the Dungeon.
             The game lasted 00:11:02 (2890 turns).

Ghouzt the Cudgeler (Draconian Berserker)           Turns: 2890, Time: 00:11:03

Health: -7/82      AC:  6    Str: 26    XL:     6   Next: 11%
Magic:  6/6        EV: 13    Int:  8    God:    Trog [***...]
Gold:   80         SH:  0    Dex: 10    Spells: 5/5 levels left

rFire    + . .     SeeInvis .   a - +0 mace
rCold    x . .     Gourm    +   (no shield)
rNeg     . . .     Faith    .   (armour unavailable)
rPois    +         Spirit   .   (helmet restricted)
rElec    .         Reflect  .   (no cloak)
rCorr    .         Harm     .   (no gloves)
MR       .....                  (no boots)
Stlth    ..........             e - amulet of the gourmand
HPRegen  0.23/turn              m - ring of poison resistance
MPRegen  0.10/turn              q - ring of fire

@: berserking (expiring), very quick
A: unfitting armour, cold-blooded, AC +6
a: Berserk, Trog's Hand, Burn Spellbooks, Renounce Religion


You were on level 3 of the Dungeon.
You worshipped Trog.
Trog was most pleased with you.
You were full.

You visited 1 branch of the dungeon, and saw 3 of its levels.
You also visited: Sewer.

You collected 80 gold pieces.

Inventory:

Hand Weapons
 a - a +0 mace (weapon)
 s - a +0 blowgun
Armour
 p - a +0 large shield
Jewellery
 e - an amulet of the gourmand (around neck)
 m - a ring of poison resistance (left hand)
 n - an uncursed amulet of rage
 q - a ring of fire (right hand)
 y - a +3 ring of intelligence {unknown}
Scrolls
 c - a scroll of enchant armour {unknown}
 d - a scroll of noise {unknown}
 g - a scroll of blinking {unknown}
 h - 3 scrolls of identify {unknown}
 i - a scroll of teleportation {unknown}
 j - a scroll of fog {unknown}
 l - 4 scrolls of remove curse {unknown}
 r - a scroll of enchant weapon {unknown}
Potions
 f - 9 potions of curing {unknown}
 k - 4 potions of heal wounds {unknown}
 o - a potion of degeneration {unknown}
 t - a potion of brilliance {unknown}
 u - 3 potions of might {unknown}
 v - a potion of agility {unknown}
 x - a potion of invisibility {unknown}
Comestibles
 b - 6 rations


   Skills:
 * Level 4.8 Fighting
 + Level 4.8 Maces & Flails
 + Level 4.2 Dodging
 - Level 0.5 Stealth


You had 5 spell levels left.
You didn't know any spells.

Dungeon Overview and Level Annotations

Branches:
Dungeon (3/15)

Altars:
Kikubaaqudgha


Innate Abilities, Weirdness & Mutations

Your plain brown scales are hard. (AC +6)
You cannot fit into any form of body armour.
You are cold-blooded and may be slowed by cold attacks.


Message History

You barely miss the orc. The orc barely misses you.
The orc hits you but does no damage.
You barely miss the orc. The orc hits you with a trident.
* * * LOW HITPOINT WARNING * * *
You closely miss the orc. The orc closely misses you.
You hit the orc.
The orc is moderately wounded.
The orc barely misses you. x2
You hit the orc.
The orc is almost dead.
The orc hits you with a trident!
* * * LOW HITPOINT WARNING * * *
You hit the orc.
You kill the orc!
Trog accepts your kill. The orc closely misses you.
You feel a strong urge to attack something.
Items here: ) [[ ††††† The orc hits you from afar with a trident!
You die...

.##.#####.# #.#!# #.# .##.#
#.# #.#.# #.# .##.# #.# ##....
#.# .##.# #.# ...oo #.#
.##.#####.# #.>o #.#
.##.......###.#.o.## #<#
.##..###......#.h..####### #.#
.##..# #...#######o....... ..#
.##..###......#.@))###########
...#.....####.#.####
.>###.#### #.#.# ##.#.## #...#
##.## ##### ###


You could see an orc.

Vanquished Creatures
  2 big kobolds (Sewer)
  An orc wizard (D:3)
  2 adders (D:3)
  2 oozes
  2 worms (D:3)
  A dart slug (D:3)
  4 leopard geckos
  5 orcs (D:3)
  7 giant cockroaches
  7 goblins
  7 hobgoblins
  7 jackals
  A quokka (D:2)
  2 ball pythons
  8 bats
  2 frilled lizards
  19 kobolds
  7 rats
  A plant (Sewer)
87 creatures vanquished.

Notes
Turn   | Place    | Note
-------+----------+-------------------------------------------
     0 | D:1      | Ghouzt the Draconian Berserker began the quest for the Orb.
     0 | D:1      | Reached XP level 1. HP: 19/19 MP: 1/1
    94 | D:1      | Reached XP level 2. HP: 5/26 MP: 2/2
   714 | D:2      | Reached XP level 3. HP: 32/33 MP: 3/3
   844 | D:2      | Reached ** piety under Trog
  1577 | D:3      | Reached XP level 4. HP: 27/40 MP: 4/4
  1640 | D:3      | Found a glowing drain.
  1680 | Sewer    | Entered a sewer
  1867 | Sewer    | Noticed a big kobold
  1889 | Sewer    | Killed a big kobold
  1889 | Sewer    | Reached XP level 5. HP: 10/47 MP: 5/5
  2207 | Sewer    | Reached *** piety under Trog
  2536 | D:3      | Reached XP level 6. HP: 50/53 MP: 6/6
  2544 | D:3      | Found an ancient bone altar of Kikubaaqudgha.
  2886 | D:3      | HP: 1/82 [orc/trident (9)]
  2890 | D:3      | Mangled by an orc

Skill      XL: |  1  2  3  4  5 |
---------------+----------------+-----
Dodging        | 3 4 |  4.2
Fighting       | 4 |  4.8
Maces & Flails | 4 |  4.8
Stealth        | |  0.5

Action                   |  1- 3 |  4- 6 || total
-------------------------+-------+-------++-------
Melee: Mace              |   115 |   194 ||   309
       Tailslap          |     6 |    28 ||    34
Invok: Berserk           |       |     3 ||     3
 Stab: Sleeping          |     2 |       ||     2
  Eat: Chunk             |     9 |    10 ||    19
Armor: Skin              |    48 |    87 ||   135
Dodge: Dodged            |    98 |   180 ||   278
